 Dungeon Crawl Stone Soup version bcrawl-1.19.1 (webtiles) character file.

Game seed: 15599455691400556128

14839 Revguard the Cleaver (level 12, 0/93 HPs)
             Began as a Human Fighter on Dec 5, 2019.
             Was a Priest of Yredelemnul.
             Slain by a catoblepas (16 damage)
             ... on level 10 of the Dungeon.
             The game lasted 00:37:14 (9569 turns).

Revguard the Cleaver (Human Fighter)                Turns: 9569, Time: 00:37:14

Health: 0/93       AC: 18    Str: 19    XL:     12   Next: 50%
Magic:  0/19       EV: 13    Int:  9    God:    Yredelemnul [***...]
Gold:   924        SH: 12    Dex: 23    Spells: 11/11 levels left

rFire    . . .     SeeInvis .   r - +2 hand axe (freeze)
rCold    . . .     Gourm    .   c - +0 shield
rNeg     . . .     Faith    .   h - +2 scale mail {rPois}
rPois    +         Spirit   +   l - +0 helmet
rElec    .         Reflect  .   D - +0 cloak
rCorr    .         Harm     .   g - +0 pair of gloves
MR       .....                  B - +0 pair of boots
Stlth    +.........             n - amulet of guardian spirit
HPRegen  0.25/turn              j - +4 ring of dexterity
MPRegen  0.16/turn              b - +4 ring of dexterity

@: injury mirror
A: rugged brown scales 1, yellow scales 1, screaming 1
a: Recall Undead Slaves, Injury Mirror, Animate Dead, Renounce Religion


You were on level 10 of the Dungeon.
You worshipped Yredelemnul.
Yredelemnul was most pleased with you.
You were not hungry.

You visited 2 branches of the dungeon, and saw 11 of its levels.

You collected 924 gold pieces.

Inventory:

Hand Weapons
 r - a +2 hand axe of freezing (weapon)
 y - the +7 mace of Variability {chain chaos}
   (You took it off a wight on level 10 of the Dungeon)

   Each time it hits an enemy it has a different, random effect.
 E - a +2 hand axe of flaming
Missiles
 I - a throwing net (quivered) {!f}
Armour
 c - a +0 shield (worn)
 g - a +0 pair of gloves (worn)
 h - a +2 scale mail of poison resistance (worn)
 l - a +0 helmet (worn)
 B - a +0 pair of boots (worn)
 D - a +0 cloak (worn)
Jewellery
 b - a +4 ring of dexterity (right hand)
 j - a +4 ring of dexterity (left hand)
 n - an amulet of guardian spirit (around neck)
 o - an uncursed ring of wizardry
 M - an uncursed ring of insulation
Wands
 a - a wand of paralysis (3)
 p - a wand of acid (3)
 A - a wand of random effects (7)
 C - a wand of disintegration (11)
 H - a wand of enslavement (5)
Scrolls
 d - a scroll of enchant armour
 k - 2 scrolls of immolation
 m - 3 scrolls of teleportation
 q - a scroll of remove curse
 z - 6 scrolls of identify
 F - a scroll of enchant weapon {unknown}
 G - a scroll of silence {unknown}
 L - a scroll of fog {unknown}
Potions
 e - a potion of ambrosia
 i - a potion of lignification
 s - a potion of magic
 t - 2 potions of mutation
 u - a potion of invisibility
 v - 2 potions of might
 w - 4 potions of curing
 x - a potion of brilliance
 J - 14 potions of degeneration
Comestibles
 f - 23 rations {!d}
 K - 2 chunks of flesh


   Skills:
 + Level 7.3 Fighting
 + Level 11.5 Axes
 + Level 7.7 Armour
 + Level 5.5 Dodging
 + Level 8.8 Shields
 * Level 8.1 Invocations
 * Level 9.4 Evocations


You had 11 spell levels left.
You didn't know any spells.
Your spell library contained the following spells:

 Spells                   Type           Power        Failure   Level  Hunger
 Corona                   Hex            #......      94%         1    ##.....
 Freeze                   Ice            #.....       94%         1    ##.....
 Ensorcelled Hibernation  Hex/Ice        #.....       98%         2    ###....
 Beckoning                Tloc           #.........   100%        3    ####...
 Confuse                  Hex            #.......     100%        3    ####...
 Dazzling Spray           Conj/Hex       #.....       100%        3    ####...
 Recall                   Summ/Tloc      N/A          100%        3    ####...
 Teleport Other           Tloc           #.......     100%        3    ####...
 Tukima's Dance           Hex            #.......     100%        3    ####...
 Summon Forest            Summ/Tloc      #.........   100%        5    ######.


Dungeon Overview and Level Annotations

Branches:
Dungeon (10/12)            Temple (1/1) D:5            Lair (0/6) D:8
    Orc (0/1) D:9

Altars:
Ashenzari
Cheibriados
Dithmenos
Elyvilon
Fedhas
Gozag
Hepliaklqana
Kikubaaqudgha
Lugonu
Makhleb
Nemelex Xobeh
Okawaru
Qazlal
Ru
Sif Muna
Trog
Uskayaw
Vehumet
Wu Jian
Xom
Yredelemnul
Zin
The Shining One

Shops:
D:4 (   D:6 :}[[   D:7 %   D:8 =


Innate Abilities, Weirdness & Mutations

You are partially covered in rugged brown scales. (AC +1, +3% HP)
You are partially covered in yellow scales. (AC +2)
You occasionally shout uncontrollably at your foes.


Message History

The crocodile is no longer moving slowly.
Something hits your bullfrog skeleton!!
Your bullfrog skeleton hits something!
The crocodile bites you but does no damage.
You block the catoblepas's attack.
You slash the crocodile! You freeze the crocodile.
The crocodile is heavily wounded.
You hit the catoblepas but do no damage.
Your bullfrog skeleton hits something!
Something hits your bullfrog skeleton!!
Your bullfrog skeleton is destroyed!
You block the crocodile's attack. The catoblepas gores you!!
* * * LOW HITPOINT WARNING * * *
You hear a shout!
Okay, then.
Okay, then.
Okay, then.
You offer yourself to Yredelemnul, and are filled with unholy energy.
Something hits your ugly thing zombie!!
Your ugly thing zombie hits something.
You block the crocodile's attack. The catoblepas gores you!!
You die...
Your body rises from the dead as a mindless zombie.

..###'###..#.....#..###+#
.##.....##..##..... #..
##..⌠.⌠..##. .....##..#
#.........####'####..#
...........#...#.#..##
...._._..⌠.#.# #.#...
.....#.....Z.# #.'.
...._._..⌠.#Z###t#
...........#Z.lY@#
#.........####N###
##..⌠.⌠..###.SC..#
##.....###.#ZC##l#
###+####. #... .# #. )...
.# # #)|..# # #)[.## #[)


You could see a catoblepas, a salamander shaped shifter, a crocodile, an iguana,
an adder, a friendly wyvern zombie and a friendly ugly thing zombie.

Vanquished Creatures
  A two-headed ogre (D:10)
  An unseen horror (D:10)
  A wolf spider zombie (D:8)
  A deep elf mage (D:8)
  2 ugly things (D:10)
  Maurice (D:9)
  3 trolls
  A dream sheep (D:8)
  4 hippogriffs
  A slime creature (D:10)
  A vampire (D:10)
  6 yaks (D:9)
  2 wyverns
  Eustachio (D:4)
  A hungry ghost (D:6)
  Menkaure (D:6)
  A water moccasin (D:7)
  A crocodile (D:7)
  Duvessa (D:6)
  A swamp drake (D:9)
  2 sky beasts
  5 orc warriors
  A black bear (D:8)
  3 ogres
  A necrophage (D:6)
  7 centaurs
  3 bullfrogs
  4 big kobolds
  A hippogriff skeleton (D:8)
  Dowan (D:6)
  6 scorpions
  A wight (D:10)
  2 howler monkeys
  3 crimson imps
  A bullfrog zombie (D:7)
  A hound (D:8)
  5 orc priests
  4 jellies
  Crazy Yiuf (D:6)
  3 centaur skeletons
  Jessica (D:2)
  2 iguanas
  Terence (D:2)
  14 orc wizards
  7 worker ants
  A statue (D:5)
  Robin (D:3)
  15 gnolls
  11 adders
  6 shadow imps
  6 oozes
  An adder skeleton (D:4)
  A worm (D:4)
  2 dart slugs
  4 leopard geckos
  36 orcs
  8 giant cockroaches
  8 goblins
  11 hobgoblins
  10 jackals
  13 kobolds
  5 quokkas
  3 ball pythons (D:1)
  6 bats
  3 frilled lizards
  A rat (D:1)
264 creatures vanquished.

Vanquished Creatures (collateral kills)
  Harold (D:9)
  A hydra (D:8)
  A two-headed ogre (D:9)
  2 ugly things
  A centaur skeleton (D:10)
  A dream sheep (D:8)
  4 yaks
  A basilisk (D:8)
  2 ice beasts
  2 orc warriors
  A centaur (D:8)
  A big kobold (D:8)
  2 bullfrogs
  A gnoll sergeant (D:7)
  4 wights (D:10)
  A howler monkey (D:7)
  A jelly (D:7)
  A bullfrog skeleton (D:9)
  2 orc wizards (D:9)
  An iguana (D:9)
  A sky beast zombie (D:10)
  An adder zombie (D:9)
  A leopard gecko (D:7)
  8 orcs
  3 plants (D:8)
45 creatures vanquished.

Vanquished Creatures (others)
  3 flying skulls (D:9)
  A wraith (D:8)
  A two-headed ogre zombie (D:10)
  An elf zombie (D:8)
  A wyvern zombie (D:9)
  A water moccasin zombie (D:7)
  A yak zombie (D:8)
  A troll zombie (D:9)
  A yak skeleton (D:9)
  A centaur zombie (D:8)
  A bullfrog skeleton (D:10)
  A necrophage skeleton (D:6)
  A scorpion zombie (D:8)
  An adder zombie (D:10)
  3 orc zombies (D:8)
  A gnoll skeleton (D:7)
  2 orc skeletons (D:8)
  2 plants (D:8)
24 creatures vanquished.

Grand Total: 333 creatures vanquished

Notes
Turn   | Place    | Note
-------+----------+-------------------------------------------
     0 | D:1      | Revguard the Human Fighter began the quest for the Orb.
     0 | D:1      | Reached XP level 1. HP: 18/18 MP: 1/1
   143 | D:1      | Reached XP level 2. HP: 22/24 MP: 2/2
   322 | D:1      | Reached XP level 3. HP: 28/29 MP: 3/3
   687 | D:2      | Found a corrupted altar of Lugonu.
   690 | D:2      | Reached skill level 3 in Axes
   699 | D:2      | Found a shimmering blue altar of Sif Muna.
   699 | D:2      | Noticed Terence
   721 | D:2      | Killed Terence
   721 | D:2      | Reached XP level 4. HP: 23/35 MP: 4/4
   924 | D:2      | Noticed Jessica
   929 | D:2      | Killed Jessica
   929 | D:2      | Reached XP level 5. HP: 36/41 MP: 5/5
   994 | D:2      | Reached skill level 1 in Dodging
  1009 | D:2      | Found a faded altar of an unknown god.
  1200 | D:2      | Found a snail-covered altar of Cheibriados.
  1235 | D:2      | Found a hazy altar of Hepliaklqana.
  1292 | D:2      | Reached skill level 4 in Axes
  1563 | D:3      | Noticed a centaur
  1577 | D:3      | Killed a centaur
  1577 | D:3      | Reached XP level 6. HP: 27/48 MP: 6/6
  2035 | D:3      | Noticed Robin
  2038 | D:3      | Reached skill level 5 in Axes
  2051 | D:3      | Reached XP level 7. HP: 26/54 MP: 4/7
  2053 | D:3      | Killed Robin
  2442 | D:4      | Reached skill level 1 in Evocations
  2655 | D:4      | Gained mutation: You occasionally shout uncontrollably at
                  | your foes. [potion of mutation]
  2655 | D:4      | Gained mutation: You evolve. [potion of mutation]
  2655 | D:4      | Gained mutation: You are partially covered in rugged brown
                  | scales. (AC +1, +3% HP) [potion of mutation]
  2675 | D:4      | Noticed Eustachio
  2712 | D:4      | Killed Eustachio
  2712 | D:4      | Reached skill level 6 in Axes
  2750 | D:4      | Reached XP level 8. HP: 60/61 MP: 9/9
  2794 | D:4      | Found Ziaphi's Weapon Shop.
  2824 | D:4      | Reached skill level 5 in Shields
  3009 | D:4      | Reached skill level 5 in Armour
  3329 | D:5      | Entered Level 5 of the Dungeon
  3365 | D:5      | Found a staircase to the Ecumenical Temple.
  3382 | Temple   | Entered the Ecumenical Temple
  3440 | Temple   | Became a worshipper of Yredelemnul the Dark
  3770 | D:5      | Reached skill level 7 in Axes
  3822 | D:5      | Found a sparkling altar of Nemelex Xobeh.
  3894 | D:5      | Found a radiant altar of Vehumet.
  3903 | D:5      | Reached skill level 1 in Invocations
  4035 | D:6      | Found Qiclugih's Antique Armour Shop.
  4045 | D:6      | Reached XP level 9. HP: 59/67 MP: 10/12
  4192 | D:6      | Found Avususo's Armour Emporium.
  4200 | D:6      | Noticed Dowan
  4201 | D:6      | Noticed Duvessa
  4226 | D:6      | Killed Duvessa
  4230 | D:6      | Killed Dowan
  4328 | D:6      | Noticed a hippogriff
  4339 | D:6      | Reached skill level 5 in Fighting
  4355 | D:6      | Killed a hippogriff
  4355 | D:6      | Reached * piety under Yredelemnul
  4355 | D:6      | Reached skill level 8 in Axes
  4418 | D:6      | Noticed Menkaure
  4430 | D:6      | Killed Menkaure
  4511 | D:6      | Reached skill level 5 in Evocations
  4531 | D:6      | Identified Sif Muna's Papyrus of Congealing Dislocation
  4608 | D:6      | Found Jigromp's Book Shoppe.
  4744 | D:6      | Found Ykar's Gadget Emporium.
  4827 | D:6      | Found a runed door.
  4931 | D:6      | Noticed Crazy Yiuf
  4938 | D:6      | Killed Crazy Yiuf
  5058 | D:6      | Gained mutation: You are partially covered in yellow
                  | scales. (AC +2) [evolution]
  5058 | D:6      | Lost mutation: You evolve. [end of evolution]
  5116 | D:6      | Noticed a hippogriff
  5123 | D:6      | Killed a hippogriff
  5188 | D:7      | Reached XP level 10. HP: 74/76 MP: 14/14
  5346 | D:7      | Reached skill level 9 in Axes
  5737 | D:7      | Found Garuel's Food Boutique.
  5767 | D:7      | Found a glowing golden altar of the Shining One.
  5767 | D:7      | Found a bloodstained altar of Trog.
  5768 | D:7      | Found a blossoming altar of Fedhas.
  5946 | D:8      | Reached ** piety under Yredelemnul
  6014 | D:8      | Noticed a deep elf mage
  6030 | D:8      | Killed a deep elf mage
  6030 | D:8      | Reached skill level 5 in Invocations
  6210 | D:8      | Noticed a cyan ugly thing
  6225 | D:8      | Killed a cyan ugly thing
  6272 | D:8      | Reached XP level 11. HP: 16/83 MP: 4/16
  6772 | D:8      | Found a staircase to the Lair.
  6799 | D:8      | Reached skill level 10 in Axes
  7123 | D:8      | Noticed a three-headed hydra
  7147 | D:8      | Killed a 13-headed hydra
  7429 | D:8      | Found Rocaiti's Jewellery Emporium.
  7741 | D:9      | Noticed Harold
  7766 | D:9      | Killed Harold
  7766 | D:9      | Reached skill level 5 in Dodging
  8116 | D:9      | Reached *** piety under Yredelemnul
  8300 | D:9      | Noticed a two-headed ogre
  8302 | D:9      | Noticed Maurice
  8307 | D:9      | Killed a two-headed ogre
  8492 | D:9      | Killed Maurice
  8492 | D:9      | Reached XP level 12. HP: 91/91 MP: 18/18
  8643 | D:9      | Reached skill level 11 in Axes
  8652 | D:9      | Found a staircase to the Orcish Mines.
  9038 | D:10     | Entered Level 10 of the Dungeon
  9041 | D:10     | Noticed a two-headed ogre
  9069 | D:10     | Killed a two-headed ogre
  9483 | D:10     | Found a glowing silver altar of Zin.
  9484 | D:10     | Found a snail-covered altar of Cheibriados.
  9485 | D:10     | Found a shimmering altar of Xom.
  9485 | D:10     | Found a radiant altar of Vehumet.
  9515 | D:10     | Noticed a catoblepas
  9544 | D:10     | Killed an unseen horror
  9569 | D:10     | Slain by a catoblepas

Skill      XL: |  1  2  3  4  5  6  7  8  9 10 11 12 |
---------------+-------------------------------------+-----
Axes           | 3 4 5 6 7 8 9 10 11 | 11.5
Dodging        | 1 2 3 4 5 |  5.5
Shields        | 4 5 6 7 8 |  8.8
Armour         | 4 5 6 7 |  7.7
Fighting       | 4 5 6 7 |  7.3
Evocations     | 2 4 5 7 8 9 |  9.4
Invocations    | 1 3 5 7 8 |  8.1

Action                   |  1- 3 |  4- 6 |  7- 9 | 10-12 || total
-------------------------+-------+-------+-------+-------++-------
Melee: War axe           |    79 |    77 |       |       ||   156
       Hand axe          |       |    41 |   372 |   493 ||   906
Invok: Animate Remains   |       |       |     1 |    31 ||    32
       Animate Dead      |       |       |       |     9 ||     9
       Recall Undead Sla |       |       |       |     1 ||     1
       Injury Mirror     |       |       |       |     1 ||     1
Evoke: Wand              |       |       |     1 |    18 ||    19
  Use: Scroll            |       |     4 |     2 |    11 ||    17
       Potion            |       |     2 |     4 |     1 ||     7
 Stab: Paralysed         |       |       |     3 |     3 ||     6
       Distracted        |       |       |       |     4 ||     4
  Eat: Chunk             |       |     4 |     9 |    18 ||    31
       Ration            |       |       |     1 |     3 ||     4
Armor: Scale mail        |    37 |    54 |   179 |   259 ||   529
Dodge: Dodged            |    27 |    34 |   104 |   200 ||   365
Block: Shield            |    54 |    61 |   191 |   307 ||   613
